Map: Acropolis LE

Players

Lambo - Winner!

  • Race: Zerg Zerg
  • Spawn Location: 11:00

Harstem

  • Race: Protoss Protoss
  • Spawn Location: 5:00

VOD

Have the link to the VOD?

Description

Time

  • Played on: Sept. 6, 2019, 5:25 p.m.
  • Length: 14:13
Show
View Real Time Build Order
Export as new Build Order

Lambo Zerg - Winner!

Build Orders: Hatch First 

Get SALT Encoding   

  12  0:00  Drone  
  13  0:13  Overlord  
  13  0:18  Drone  
  14  0:31  Drone x2  
  16  0:48  Drone  
  17  0:51  Hatchery  
  17  0:54  Drone  
  17  0:59  Drone  
  18  1:08  Extractor  
  17  1:13  Spawning Pool  
  17  1:16  Drone  
  17  1:18  Drone  
  18  1:28  Drone  
  19  1:39  Drone  
  20  1:50  Overlord  
  20  1:59  Queen  
  22  2:03  Drone, Queen  
  22  2:04  Zergling x2  
  26  2:12  Zergling x2  
  26  2:15  Metabolic Boost  
  27  2:18  Drone  
  28  2:24  Drone  
  28  2:26  Drone  
  30  2:34  Hatchery  
  29  2:38  Drone  
  29  2:42  Drone  
  31  2:45  Overlord  
  31  2:47  Drone  
  32  2:57  Queen  
  34  2:59  Drone  
  35  3:09  Drone x2  
  35  3:10  Drone x2  
  38  3:22  Drone x2  
  38  3:26  Drone x2  
  42  3:33  Overlord  
  42  3:34  Drone  
  42  3:38  Spore Crawler, Queen  
  42  3:40  Spore Crawler, Overlord  
  43  3:48  Drone x2, Queen  
  45  3:51  Drone  
  45  3:54  Spore Crawler  
  47  3:56  Drone  
  47  3:58  Drone  
  47  3:59  Drone  
  47  4:00  Drone x2  
  52  4:03  Zergling x2  
  52  4:06  Zergling x4  
  52  4:07  Drone x2  
  57  4:12  Drone  
  58  4:18  Overlord, Drone  
  58  4:19  Drone  
  58  4:23  Queen  
  62  4:25  Drone  
  62  4:27  Drone x2  
  62  4:28  Drone  
  62  4:29  Overlord  
  66  4:33  Roach Warren, Extractor  
  66  4:34  Extractor  
  66  4:35  Drone x2  
  66  4:36  Drone  
  66  4:38  Drone  
  64  4:40  Drone  
  64  4:44  Lair  
  65  4:47  Zergling x4  
  65  4:49  Drone x2  
  69  4:53  Drone x2  
  69  4:57  Drone x2  
  69  4:58  Drone x3  
  76  5:00  Drone  
  77  5:11  Drone x2  
  77  5:13  Drone x2  
  81  5:14  Drone  
  81  5:15  Drone  
  81  5:17  Extractor  
  81  5:18  Extractor  
  81  5:20  Evolution Chamber, Drone, Extractor  
  81  5:21  Drone  
  80  5:24  Drone  
  82  5:28  Drone  
  82  5:31  Overlord  
  82  5:33  Overlord  
  82  5:34  Overlord  
  82  5:37  Overlord  
  82  5:39  Overlord  
  82  5:40  Overlord  
  82  5:42  Overlord  
  83  5:45  Glial Reconstitution, Overlord  
  83  5:49  Overlord  
  83  5:52  Drone  
  84  5:57  Overlord, Hatchery  
  84  5:59  Roach x5  
  93  6:07  Roach x4  
  93  6:08  Nydus Network  
  93  6:09  Roach  
  102  6:13  Roach x2  
  102  6:17  Overlord  
  102  6:18  Roach x2  
  110  6:22  Ravager x5  
  115  6:27  Roach x4  
  115  6:29  Roach  
  115  6:31  Ravager x2  
  115  6:32  Ravager  
  128  6:35  Queen  
  128  6:36  Overlord  
  128  6:39  Ravager  
  131  6:44  Nydus Canal  
  131  6:45  Zergling x8  
  131  6:46  Zergling x2  
  136  6:49  Zergling x8, Roach  
  136  6:51  Ravager  
  136  6:52  Overlord  
  143  6:55  Ravager x2  
  143  6:56  Zergling x4  
  147  7:04  Zergling x2, Roach  
  147  7:07  Zergling x4, Roach  
  150  7:09  Ravager  
  150  7:11  Roach x3  
  150  7:14  Zergling x2, Roach x2  
  150  7:15  Ravager  
  161  7:16  Zergling x2  
  161  7:20  Zergling x6, Roach  
  166  7:24  Roach x2  
  166  7:25  Ravager  
  166  7:29  Roach  
  169  7:33  Roach x3  
  169  7:34  Roach  
  169  7:39  Roach x2  
  169  7:41  Roach  
  163  7:53  Roach  
  163  7:57  Roach x9  
  162  8:00  Roach x4  
  160  8:05  Roach  
  160  8:08  Roach x3  
  160  8:12  Roach  
  151  8:14  Roach x2  
  151  8:17  Ravager  
  151  8:18  Ravager  
  151  8:19  Zergling x2  
  150  8:20  Queen  
  150  8:22  Roach x2  
  150  8:25  Zergling x2, Roach  
  155  8:27  Roach  
  155  8:30  Zergling x6  
  155  8:31  Zergling x2  
  155  8:35  Roach  
  155  8:37  Roach x2  
  152  8:45  Spire, Zergling x4  
  152  8:46  Zergling x2  
  144  8:53  Zergling x10  
  140  8:57  Extractor, Zergling x6  
  140  9:00  Drone x2  
  136  9:02  Extractor  
  127  9:15  Drone x7  
  128  9:19  Zergling x14  
  112  9:57  Zergling x4  
  112  9:58  Mutalisk x13  
  112  9:59  Mutalisk  
  135  10:03  Mutalisk  
  132  10:07  Hatchery  
  132  10:08  Mutalisk  
  132  10:13  Zerg Flyer Weapons Level 1  
  133  10:16  Mutalisk  
  133  10:18  Zergling x12  
  141  10:24  Evolution Chamber  
  141  10:25  Mutalisk  
  142  10:30  Mutalisk x2  
  142  10:32  Zergling x10  
  142  10:35  Mutalisk  
  151  10:41  Extractor  
  152  10:43  Mutalisk  
  152  10:44  Zergling x2  
  152  10:45  Zergling x10  
  152  10:46  Extractor  
  154  10:57  Zergling x8  
  154  10:58  Zergling x8  
  154  11:14  Mutalisk x7  
  154  11:17  Drone x3  
  169  11:21  Mutalisk x2  
  169  11:24  Overlord  
  172  11:34  Mutalisk x3  
  172  11:37  Drone x4  
  172  11:38  Drone  
  181  11:45  Mutalisk x2  
  183  11:56  Mutalisk x3  
  182  12:06  Mutalisk x3  
  183  12:10  Zergling x18  
  185  12:20  Corruptor  
  185  12:21  Corruptor x2  
  184  12:33  Corruptor x3  
  186  12:38  Corruptor  
  188  12:49  Nydus Canal  
  188  12:50  Corruptor  
  190  12:59  Overlord  
  186  13:07  Nydus Canal, Overlord  
  179  13:13  Corruptor x2  
  179  13:14  Corruptor  
  169  13:21  Mutalisk x5  
  169  13:24  Zergling x6  
  163  13:36  Zergling x18  
Show
View Real Time Build Order
Export as new Build Order

Harstem Protoss 

Build Orders: 1 Gate Expand, Oracle Opening, Archon Immortal 

Get SALT Encoding   

  12  0:00  Probe  
  13  0:12  Probe  
  14  0:18  Pylon  
  14  0:24  Probe  
  15  0:32  Probe  
  15  0:40  Gateway  
  15  0:42  Probe  
  17  0:52  Assimilator  
  17  0:53  Probe  
  18  1:05  Probe  
  19  1:18  Probe  
  20  1:26  Nexus  
  20  1:36  Cybernetics Core  
  20  1:39  Probe  
  21  1:46  Assimilator  
  21  1:51  Probe  
  21  1:54  Pylon  
  22  2:02  Adept  
  22  2:03  Probe  
  23  2:15  Probe  
  26  2:25  Probe  
  26  2:26  Stargate  
  27  2:33  Probe  
  27  2:35  Stalker  
  29  2:40  Probe  
  29  2:41  Probe  
  31  2:47  Warp Gate  
  32  2:52  Probe  
  32  2:53  Probe  
  34  3:02  Oracle  
  34  3:04  Probe  
  35  3:05  Probe  
  39  3:16  Probe  
  39  3:18  Probe  
  41  3:27  Gateway  
  41  3:28  Probe  
  41  3:29  Pylon  
  41  3:30  Oracle, Probe  
  46  3:45  Assimilator  
  46  3:47  Probe x2  
  46  3:48  Pylon  
  48  3:51  Assimilator  
  48  3:55  Pylon  
  48  3:59  Probe, Robotics Facility  
  48  4:01  Probe  
  50  4:11  Probe  
  50  4:13  Probe  
  50  4:16  Pylon  
  52  4:20  Probe  
  52  4:21  Probe  
  53  4:28  Probe  
  53  4:29  Probe  
  54  4:36  Nexus  
  54  4:37  Probe  
  54  4:38  Pylon  
  56  4:43  Twilight Council, Forge, Probe  
  56  4:44  Observer  
  58  4:45  Sentry  
  58  4:46  Sentry  
  58  4:50  Probe  
  64  4:55  Probe  
  65  5:02  Phoenix, Probe  
  65  5:05  Protoss Ground Weapons Level 1  
  68  5:07  Probe  
  68  5:14  Immortal, Probe  
  70  5:15  Gateway  
  70  5:17  Gateway  
  70  5:19  Probe  
  70  5:20  Charge  
  71  5:26  Probe  
  76  5:31  Probe  
  77  5:37  Gateway  
  77  5:38  Probe  
  77  5:39  Gateway  
  78  5:43  Immortal, Probe  
  79  5:50  Probe x2  
  79  5:55  Observer  
  79  5:56  Probe  
  86  5:58  Assimilator  
  86  6:00  Assimilator  
  86  6:01  Pylon  
  86  6:02  Probe  
  87  6:04  Probe  
  87  6:08  Probe  
  89  6:19  Pylon  
  89  6:20  Immortal, Gateway  
  89  6:21  Observer  
  89  6:25  Gateway  
  89  6:26  Templar Archives  
  89  6:28  Shield Battery  
  89  6:30  Shield Battery  
  89  6:32  Shield Battery  
  93  6:33  Sentry x2  
  93  6:35  Pylon  
  93  6:37  Zealot x2  
  93  6:38  Pylon  
  101  6:43  Zealot  
  101  6:45  Photon Cannon  
  101  6:46  Probe  
  104  6:47  Shield Battery, Probe  
  104  6:51  Immortal  
  104  6:52  Zealot  
  107  6:59  Probe  
  112  7:07  High Templar x2  
  114  7:13  Archon, Zealot  
  112  7:16  Shield Battery  
  112  7:18  Shield Battery  
  112  7:19  Pylon  
  112  7:20  Shield Battery, Pylon  
  112  7:21  High Templar x2  
  112  7:22  Zealot  
  118  7:24  Photon Cannon  
  118  7:26  Archon  
  118  7:28  Zealot x2  
  122  7:34  Shield Battery  
  122  7:36  Immortal  
  122  7:38  Zealot  
  114  7:49  Zealot x5  
  109  7:56  Zealot  
  109  7:57  Zealot  
  101  8:05  Immortal, Zealot  
  99  8:07  Probe  
  99  8:10  Probe x2  
  99  8:11  Zealot x5  
  104  8:13  Protoss Ground Weapons Level 2  
  104  8:19  High Templar x2  
  106  8:20  Probe  
  106  8:24  Archon  
  106  8:25  Sentry  
  105  8:28  Probe  
  105  8:31  Zealot x2  
  105  8:32  Zealot x2  
  105  8:33  Zealot  
  112  8:40  Oracle  
  105  8:44  Probe  
  105  8:48  Zealot  
  105  8:52  Zealot x4  
  105  8:54  Sentry  
  113  8:57  Probe  
  113  8:59  Sentry  
  113  9:00  Probe, Sentry  
  113  9:02  Immortal  
  117  9:04  Probe  
  117  9:08  Probe  
  112  9:10  Zealot  
  112  9:16  Probe  
  104  9:17  Zealot x3  
  104  9:18  Zealot  
  111  9:25  Assimilator  
  111  9:29  High Templar x2  
  111  9:30  Zealot  
  115  9:34  Archon  
  113  9:47  Zealot x2  
  113  9:48  Phoenix  
  113  9:50  Zealot x2  
  113  9:51  Probe, Zealot x2  
  126  9:53  Probe  
  126  9:54  Probe  
  126  9:55  Warp Prism  
  130  10:01  Zealot x2  
  130  10:03  Probe  
  138  10:08  Pylon  
  138  10:12  Pylon  
  138  10:13  Pylon  
  137  10:18  Shield Battery  
  137  10:21  Phoenix  
  137  10:24  High Templar x2  
  137  10:26  Photon Cannon  
  137  10:27  Pylon  
  141  10:32  Shield Battery x2  
  143  10:36  Archon  
  143  10:46  Zealot x5  
  153  10:56  Pylon  
  153  11:00  Probe  
  153  11:03  Phoenix  
  148  11:07  Pylon  
  148  11:08  Pylon, Probe x2  
  142  11:14  Probe  
  142  11:16  Pylon  
  142  11:18  Photon Cannon  
  138  11:19  Phoenix  
  138  11:20  High Templar x2, Probe  
  138  11:21  High Templar x2  
  138  11:24  Archon  
  138  11:25  Archon  
  139  11:36  High Templar x2  
  139  11:38  Phoenix  
  139  11:39  Stargate  
  143  11:40  Archon  
  143  11:42  Probe x2  
  143  11:45  Zealot x2  
  149  11:56  Phoenix  
  149  12:00  Warp Prism  
  140  12:04  Zealot x2  
  148  12:09  Probe  
  148  12:14  Phoenix  
  148  12:15  Stalker x3  
  155  12:16  Phoenix  
  150  12:26  Probe x2  
  152  12:32  High Templar x2  
  152  12:33  Zealot x3  
  164  12:37  Phoenix  
  164  12:38  Probe  
  164  12:40  Archon  
  164  12:41  Phoenix  
  167  12:47  Pylon  
  167  12:50  Pylon  
  169  12:52  Zealot  
  164  13:08  Zealot x5  
  171  13:17  High Templar  
  166  13:22  Probe  
  166  13:23  Phoenix  
  142  13:36  High Templar x3  
  142  13:40  Archon x2  
  140  13:44  Stalker x2  
  140  13:51  Probe  
  140  13:54  Stalker  
  132  13:57  Probe x2  
  114  14:12  Zealot x2  
Tags
 
Add a new tag
Caveats
  • Supply blocks, unpowered buildings, or Contaminate may cause inaccurate times.
  • Supply counts are checked every 10 seconds.